Condors vs Wolves

Created - Friday, January 15, 2016 at 01:45

Goals
1 2 3 OT1 SO T
Condors 1 0 0 0 1 1
Wolves 0 0 1 0 2 2
Shots
1 2 3 OT1 SO T
Condors 9 6 11 0 3 26
Wolves 9 11 6 3 3 29

1st period

1. Condors , Michael Mersch 3 (David Schlemko, Ryan Stanton) at 3:31 (PP)

Penalties :
Andre Benoit (CHI) for Interference (Minor) at 2:58, Ryan Stanton (BAK) for Roughing (Minor) at 3:46, Joe Whitney (CHI) for Holding (Minor) at 13:10

2nd period

No Goal

Penalties :
Anthony Bitetto (BAK) for Checking from behind (Minor) at 0:54, David Schlemko (BAK) for Roughing (Minor) at 13:01

3rd period

2. Wolves , Andre Benoit 12 (Joakim Nordstrom, Eric Baier) at 8:25 (PP)

Penalties :
Taylor Fedun (BAK) for Tripping (Minor) at 7:15, Andre Benoit (CHI) for Interference (Minor) at 9:16, Bill Arnold (BAK) for Hooking (Minor) at 18:37

Overtime #1

No Goal

Penalties :
No Penalty

Shootout

Penalty Shot by Reid Boucher for Condors - Goal!
Penalty Shot by Colton Sissons for Wolves - Goal!
Penalty Shot by Tyler Graovac for Condors - Stopped by Evgeni Nabokov
Penalty Shot by Joakim Nordstrom for Wolves - Shot Misses the Net
Penalty Shot by Kris Newbury for Condors - Stopped by Evgeni Nabokov
Penalty Shot by Brian O'Neill for Wolves - Goal!

Penalties :
No Penalty

Goalie Stats

Joe Cannata (BAK), 28 saves from 29 shots - (0.966), OTL, 8-1-1, 65:00 minutes
Evgeni Nabokov (CHI), 25 saves from 26 shots - (0.962), W, 23-3-5, 65:00 minutes

Players Stats for Condors

Player Name              G  A  P  +/- PIM S  H  SB GA TA FO     MP     PP MP  PK MP  
------------------------------------------------------------------------------------
Anthony Bitetto          0  0  0   0  2   0  3  0  0  1  0/0    20:05   2:00   3:13 
Bill Arnold              0  0  0   0  2   1  1  0  1  1  1/1    13:25   0:00   0:42 
David Schlemko           0  1  1   0  2   6  0  1  3  1  0/0    23:03   2:31   3:35 
FARM PLAYER44            0  0  0   0  0   0  1  0  0  0  0/1    14:36   0:00   2:31 
Jeremie Blain            0  0  0   0  0   0  0  0  0  3  0/0    14:04   0:00   1:54 
Ken Agostino             0  0  0   0  0   2  1  0  5  0  0/1    15:39   0:23   0:00 
Kevin Goumas             0  0  0   0  0   0  1  0  0  0  0/0    13:53   0:00   0:00 
Kris Newbury             0  0  0   0  0   1  1  0  1  0  0/0    17:26   2:22   2:26 
Matt Bailey              0  0  0   0  0   1  1  0  0  1  0/0    17:13   2:09   0:00 
Michael Mersch           1  0  1   0  0   3  2  0  3  0  0/0    11:26   1:17   0:23 
Pat Cannone              0  0  0   0  0   4  3  0  1  0  3/9    18:33   2:09   1:11 
Reid Boucher             0  0  0   0  0   2  1  1  6  0  2/9    23:47   1:59   5:24 
Rob Bordson              0  0  0   0  0   0  0  1  3  1  1/3    17:34   1:15   0:00 
Ryan Parent              0  0  0   0  0   0  1  0  0  0  0/0     9:14   0:00   1:02 
Ryan Stanton             0  1  1   0  2   1  3  2  0  0  0/0    23:48   2:31   4:26 
Taylor Fedun             0  0  0   0  2   2  2  3  0  0  0/0    21:04   2:00   4:02 
Tommy Cross              0  0  0   0  0   1  1  0  0  0  0/0    11:57   0:00   0:00 
Tyler Graovac            0  0  0   0  0   2  2  0  1  1  3/9    23:52   1:59   4:58 

Players Stats for Wolves

Player Name              G  A  P  +/- PIM S  H  SB GA TA FO     MP     PP MP  PK MP  
------------------------------------------------------------------------------------
Andre Benoit             1  0  1   0  4   5  0  3  0  3  0/0    26:57   3:27   0:23 
Brian O'Neill            0  0  0   0  0   4  1  0  2  0  0/0    18:10   4:31   0:00 
Chris Brown              0  0  0   0  0   1  4  0  2  1  2/2    17:42   3:05   0:58 
Colton Sissons           0  0  0   0  0   4  1  0  1  0  10/14  22:29   2:38   1:59 
Eric Baier               0  1  1   0  0   0  4  0  0  1  0/0    21:40   5:02   2:33 
Evan Rankin              0  0  0   0  0   3  0  0  0  2  1/1    16:56   2:58   0:00 
Gus Young                0  0  0   0  0   4  3  1  1  2  0/0    16:28   0:00   1:02 
Joakim Nordstrom         0  1  1   0  0   1  4  0  1  1  0/0    21:37   4:24   2:47 
Joe Piskula              0  0  0   0  0   0  0  2  0  1  0/0    21:51   5:02   2:33 
Joe Vitale               0  0  0   0  0   0  0  1  0  0  1/1     0:37   0:00   0:00 
Joe Whitney              0  0  0   0  2   1  1  1  3  1  8/11   22:22   4:13   0:30 
Josh Anderson            0  0  0   0  0   1  2  0  1  0  0/0    15:12   0:44   0:42 
Kevin Gagne              0  0  0   0  0   0  1  0  1  0  0/0    14:55   0:00   0:00 
Kevin Lynch              0  0  0   0  0   1  1  0  0  1  1/2    14:20   0:22   0:00 
Ryan Sproul              0  0  0   0  0   0  4  1  2  0  0/0    24:59   3:27   1:58 
Scott Kosmachuk          0  0  0   0  0   2  1  0  0  0  0/2    14:51   0:38   1:54 
Sebastian Wannstrom      0  0  0   0  0   1  1  0  1  0  0/0    16:42   1:54   0:12 
Zach Miskovic            0  0  0   0  0   1  0  0  0  0  0/0     7:28   0:00   0:33 

3 Stars

1 - Joe Cannata (BAK)
2 - Evgeni Nabokov (CHI)
3 - Michael Mersch (BAK)

Power Play

Condors - 1 on 3 Attempt(s) - 33.33%
Wolves - 1 on 5 Attempt(s) - 20.00%

Penalty Kill

Condors - 4 on 5 Attempt(s) - 80.00% - Score 0 goal in Penalty Kill
Wolves - 2 on 3 Attempt(s) - 66.67% - Score 0 goal in Penalty Kill

Team Stat

Condors - Hits : 24 - Faceoff Wins : 10 - Blocked Shots : 8 - Penalty Minutes : 10
Wolves - Hits : 28 - Faceoff Wins : 23 - Blocked Shots : 9 - Penalty Minutes : 6

Official

Referees : Unknown
Linesman : Unknown

Game Notes

Joe Vitale is injured at 0:37 of 1st period (Left Foot)
Michael Mersch is injured at 1:04 of 3rd period (Sprained Left Knee)

Finance

Level 1 -- Attendance: 1413 (70.65%) -- Ticket Income $35,325
Level 2 -- Attendance: 788 (78.80%) -- Ticket Income $6,304
Total Attendance: 2201 (73.37%)
Total Ticket Income: $41,629
Other Income: $20,398
Total Income: $62,027

Condors

5 vs 5 Forward 
   Center                   Left Wing                Right Wing               Time % Phy DF OF 
 1 Tyler Graovac            Reid Boucher             Kris Newbury             35     1   2  2  
 2 Pat Cannone              Michael Mersch           Matt Bailey              30     1   2  2  
 3 Rob Bordson              Ken Agostino             Kevin Goumas             22     1   2  2  
 4 Bill Arnold              Reid Boucher             Tyler Graovac            13     1   2  2  

5 vs 5 Defense 
   Defense                  Defense                                           Time % Phy DF OF 
 1 Ryan Stanton             David Schlemko                                    35     1   2  2  
 2 Taylor Fedun             Anthony Bitetto                                   30     1   2  2  
 3 Tommy Cross              Jeremie Blain                                     22     1   2  2  
 4 Ryan Parent              FARM PLAYER44                                     13     1   2  2  

PowerPlay Forward 
   Center                   Left Wing                Right Wing               Time % Phy DF OF 
 1 Tyler Graovac            Reid Boucher             Kris Newbury             60     1   2  2  
 2 Pat Cannone              Michael Mersch           Matt Bailey              40     1   2  2  

PowerPlay Defense
   Defense                  Defense                                           Time % Phy DF OF 
 1 Ryan Stanton             David Schlemko                                    60     1   2  2  
 2 Taylor Fedun             Anthony Bitetto                                   40     1   2  2  

Penalty Kill 4 Players Forward 
   Center                   Wing                     Time % Phy DF OF 
 1 Reid Boucher             Tyler Graovac            60     1   2  2  
 2 Kris Newbury             Pat Cannone              40     1   2  2  

Penalty Kill 4 Players Defense
   Defense                  Defense                  Time % Phy DF OF 
 1 Ryan Stanton             David Schlemko           60     1   2  2  
 2 Taylor Fedun             Anthony Bitetto          40     1   2  2  

Penalty Kill - 3 Players Forward 
   Forward                                           Time % Phy DF OF 
 1 Reid Boucher                                      60     1   2  2  
 2 Tyler Graovac                                     40     1   2  2  

Penalty Kill - 3 Players Defense
   Defense                  Defense                  Time % Phy DF OF 
 1 Ryan Stanton             David Schlemko           60     1   2  2  
 2 Taylor Fedun             Anthony Bitetto          40     1   2  2  

4 vs 4 Forward 
   Center                   Wing                     Time % Phy DF OF 
 1 Reid Boucher             Tyler Graovac            60     1   2  2  
 2 Kris Newbury             Pat Cannone              40     1   2  2  

4 vs 4 Defense
   Defense                  Defense                  Time % Phy DF OF 
 1 Ryan Stanton             David Schlemko           60     1   2  2  
 2 Taylor Fedun             Anthony Bitetto          40     1   2  2  

Last Minutes Offensive
   Center                   Left Wing                Right Wing               Defense                  Defense                  
   Tyler Graovac            Reid Boucher             Kris Newbury             Ryan Stanton             David Schlemko           

Last Minutes Defensive
   Center                   Left Wing                Right Wing               Defense                  Defense                  
   Tyler Graovac            Reid Boucher             Kris Newbury             Ryan Stanton             David Schlemko           

Goaltenders
Starting : Joe Cannata              
Backup : FARM GOALIE24            

Extra Forwards
Normal : Rob Bordson, Ken Agostino, Bill Arnold - PP : Rob Bordson, Ken Agostino - PK : Bill Arnold
Extra Defensemen
Normal : Tommy Cross, Jeremie Blain, Ryan Parent - PP : Tommy Cross - PK : Jeremie Blain, Ryan Parent
Penalty Shots
Reid Boucher, Tyler Graovac, Kris Newbury, Pat Cannone, Michael Mersch

Wolves

5 vs 5 Forward 
   Center                   Left Wing                Right Wing               Time % Phy DF OF 
 1 Joe Vitale               Joakim Nordstrom         Brian O'Neill            35     1   2  2  
 2 Colton Sissons           Chris Brown              Evan Rankin              30     1   2  2  
 3 Sebastian Wannstrom      Joe Whitney              Scott Kosmachuk          22     1   2  2  
 4 Kevin Lynch              Josh Anderson            Joe Vitale               13     1   2  2  

5 vs 5 Defense 
   Defense                  Defense                                           Time % Phy DF OF 
 1 Andre Benoit             Ryan Sproul                                       35     1   2  2  
 2 Joe Piskula              Eric Baier                                        30     1   2  2  
 3 Kevin Gagne              Gus Young                                         22     1   2  2  
 4 Zach Miskovic            Andre Benoit                                      13     1   2  2  

PowerPlay Forward 
   Center                   Left Wing                Right Wing               Time % Phy DF OF 
 1 Joe Vitale               Joakim Nordstrom         Brian O'Neill            60     1   2  2  
 2 Colton Sissons           Chris Brown              Evan Rankin              40     1   2  2  

PowerPlay Defense
   Defense                  Defense                                           Time % Phy DF OF 
 1 Andre Benoit             Ryan Sproul                                       60     1   2  2  
 2 Joe Piskula              Eric Baier                                        40     1   2  2  

Penalty Kill 4 Players Forward 
   Center                   Wing                     Time % Phy DF OF 
 1 Joe Vitale               Joakim Nordstrom         60     1   2  2  
 2 Brian O'Neill            Colton Sissons           40     1   2  2  

Penalty Kill 4 Players Defense
   Defense                  Defense                  Time % Phy DF OF 
 1 Andre Benoit             Ryan Sproul              60     1   2  2  
 2 Joe Piskula              Eric Baier               40     1   2  2  

Penalty Kill - 3 Players Forward 
   Forward                                           Time % Phy DF OF 
 1 Joe Vitale                                        60     1   2  2  
 2 Joakim Nordstrom                                  40     1   2  2  

Penalty Kill - 3 Players Defense
   Defense                  Defense                  Time % Phy DF OF 
 1 Andre Benoit             Ryan Sproul              60     1   2  2  
 2 Joe Piskula              Eric Baier               40     1   2  2  

4 vs 4 Forward 
   Center                   Wing                     Time % Phy DF OF 
 1 Joe Vitale               Joakim Nordstrom         60     1   2  2  
 2 Brian O'Neill            Colton Sissons           40     1   2  2  

4 vs 4 Defense
   Defense                  Defense                  Time % Phy DF OF 
 1 Andre Benoit             Ryan Sproul              60     1   2  2  
 2 Joe Piskula              Eric Baier               40     1   2  2  

Last Minutes Offensive
   Center                   Left Wing                Right Wing               Defense                  Defense                  
   Joe Vitale               Joakim Nordstrom         Brian O'Neill            Andre Benoit             Ryan Sproul              

Last Minutes Defensive
   Center                   Left Wing                Right Wing               Defense                  Defense                  
   Joe Vitale               Joakim Nordstrom         Brian O'Neill            Andre Benoit             Ryan Sproul              

Goaltenders
Starting : Evgeni Nabokov           
Backup : FARM GOALIE18            

Extra Forwards
Normal : Joe Whitney, Sebastian Wannstrom, Scott Kosmachuk - PP : Joe Whitney, Sebastian Wannstrom - PK : Scott Kosmachuk
Extra Defensemen
Normal : Kevin Gagne, Gus Young, Zach Miskovic - PP : Kevin Gagne - PK : Gus Young, Zach Miskovic
Penalty Shots
Joe Vitale, Joakim Nordstrom, Brian O'Neill, Colton Sissons, Chris Brown

% Time on Ice - Condors

Lines # - Real PCT - Wanted PCT - Time Play
Normal Forward
1 - 23% - 35% - 11:02
2 - 33% - 30% - 15:39
3 - 30% - 22% - 13:53
4 - 14% - 13% - 6:26
Normal Defense
1 - 30% - 35% - 14:00
2 - 27% - 30% - 12:51
3 - 25% - 22% - 11:57
4 - 17% - 13% - 8:12
PP Forward
1 - 52% - 60% - 2:22
2 - 48% - 40% - 2:09
PP Defense
1 - 56% - 60% - 2:31
2 - 44% - 40% - 2:00
PK Forward
1 - 86% - 60% - 7:18
2 - 14% - 40% - 1:11
PK Defense
1 - 52% - 60% - 4:27
2 - 48% - 40% - 4:02
PK3 Forward
1 - 100% - 60% - 0:37
2 - 0% - 40% - 0:00
PK3 Defense
1 - 100% - 60% - 0:37
2 - 0% - 40% - 0:00
44 Forward
1 - 100% - 60% - 4:22
2 - 0% - 40% - 0:01
44 Defense
1 - 49% - 60% - 2:10
2 - 51% - 40% - 2:13
Last Minute Offensive  - 0:00
Last Minute Defensive  - 0:00
Total
Forward - 65:00
Defense - 65:00

% Time on Ice - Wolves

Lines # - Real PCT - Wanted PCT - Time Play
Normal Forward
1 - 36% - 35% - 16:53
2 - 23% - 30% - 10:56
3 - 11% - 22% - 4:57
4 - 30% - 13% - 14:14
Normal Defense
1 - 30% - 35% - 14:17
2 - 24% - 30% - 11:16
3 - 31% - 22% - 14:32
4 - 15% - 13% - 6:55
PP Forward
1 - 72% - 60% - 6:08
2 - 28% - 40% - 2:21
PP Defense
1 - 41% - 60% - 3:27
2 - 59% - 40% - 5:02
PK Forward
1 - 100% - 60% - 4:31
2 - 0% - 40% - 0:00
PK Defense
1 - 44% - 60% - 1:58
2 - 56% - 40% - 2:33
PK3 Forward
1 - 0% - 60%
2 - 0% - 40%
PK3 Defense
1 - 0% - 60%
2 - 0% - 40%
44 Forward
1 - 100% - 60% - 5:00
2 - 0% - 40% - 0:00
44 Defense
1 - 59% - 60% - 2:56
2 - 41% - 40% - 2:04
Last Minute Offensive  - 0:00
Last Minute Defensive  - 0:00
Total
Forward - 65:00
Defense - 65:00

Play by Play

1st period


0:01 of 1st period - Joe Vitale wins face-off versus Tyler Graovac in neutral zone.
0:27 of 1st period - Slapshot by Reid Boucher.
0:27 of 1st period - Shot Misses the Net.
0:33 of 1st period - Wrist shot by Reid Boucher.
0:33 of 1st period - Shot Misses the Net.
0:35 of 1st period - Wrist shot by Tyler Graovac.
0:35 of 1st period - Stopped by Evgeni Nabokov with a rebound.
0:37 of 1st period - Slapshot by Ryan Stanton.
0:37 of 1st period - Deflect By Tyler Graovac.
0:37 of 1st period - Shot Blocked by Joe Vitale.
0:37 of 1st period - Joe Vitale from Wolves is injured at 0:37 of 1st period (Left Foot).
0:38 of 1st period - Colton Sissons wins face-off versus Pat Cannone in Wolves zone.
1:42 of 1st period - Snap shot by Ken Agostino.
1:42 of 1st period - Stopped by Evgeni Nabokov with a rebound.
2:24 of 1st period - Kevin Gagne is hit by Bill Arnold and loses puck.
2:41 of 1st period - Wrist shot by Reid Boucher.
2:41 of 1st period - Shot Misses the Net.
2:58 of 1st period - Minor Penalty to Andre Benoit for Interference.
2:59 of 1st period - Pat Cannone wins face-off versus Scott Kosmachuk in Wolves zone.
3:25 of 1st period - Slapshot by Pat Cannone.
3:25 of 1st period - Stopped by Evgeni Nabokov with a rebound.
3:27 of 1st period - Slapshot by Ryan Stanton.
3:27 of 1st period - Stopped by Evgeni Nabokov with a rebound.
3:29 of 1st period - Slapshot by David Schlemko.
3:29 of 1st period - Stopped by Evgeni Nabokov with a rebound.
3:31 of 1st period - Slapshot by David Schlemko.
3:31 of 1st period - Deflect By Michael Mersch.
3:31 of 1st period - Goal by Michael Mersch - Condors : 1 - Wolves : 0.
3:32 of 1st period - Joe Whitney wins face-off versus Ken Agostino in neutral zone.
3:43 of 1st period - Snap shot by Brian O'Neill.
3:43 of 1st period - Stopped by Joe Cannata without a rebound.
3:44 of 1st period - Rob Bordson wins face-off versus Joe Whitney in Condors zone.
3:46 of 1st period - Minor Penalty to Ryan Stanton for Roughing.
3:47 of 1st period - Joe Whitney wins face-off versus Reid Boucher in Condors zone.
3:47 of 1st period - Slapshot by Andre Benoit.
3:47 of 1st period - Stopped by Joe Cannata without a rebound.
3:48 of 1st period - Reid Boucher wins face-off versus Joe Whitney in Condors zone.
4:14 of 1st period - Jeremie Blain is hit by Ryan Sproul.
4:18 of 1st period - Wrist shot by Tyler Graovac.
4:18 of 1st period - Shot Blocked by Andre Benoit.
4:20 of 1st period - Snap shot by Reid Boucher.
4:20 of 1st period - Stopped by Evgeni Nabokov with a rebound.
4:22 of 1st period - Slapshot by Jeremie Blain.
4:22 of 1st period - Shot Misses the Net.
4:24 of 1st period - Snap shot by Reid Boucher.
4:24 of 1st period - Stopped by Evgeni Nabokov without a rebound.
4:25 of 1st period - Colton Sissons wins face-off versus Reid Boucher in Wolves zone.
4:36 of 1st period - Snap shot by Chris Brown.
4:36 of 1st period - Stopped by Joe Cannata with a rebound.
5:26 of 1st period - Snap shot by Andre Benoit.
5:26 of 1st period - Shot Blocked by Taylor Fedun.
5:28 of 1st period - Snap shot by Joe Whitney.
5:28 of 1st period - Shot Blocked by Taylor Fedun.
5:46 of 1st period - Penalty to Ryan Stanton is over, Ryan Stanton is back on ice.
6:23 of 1st period - Ken Agostino is hit by Ryan Sproul and loses puck.
7:08 of 1st period - Joe Whitney is hit by Matt Bailey.
7:34 of 1st period - Slapshot by Sebastian Wannstrom.
7:34 of 1st period - Stopped by Joe Cannata with a rebound.
7:36 of 1st period - Slapshot by Eric Baier.
7:36 of 1st period - Shot Misses the Net.
8:29 of 1st period - Kevin Goumas is hit by Eric Baier and loses puck.
8:40 of 1st period - Wrist shot by Scott Kosmachuk.
8:40 of 1st period - Stopped by Joe Cannata with a rebound.
8:42 of 1st period - Slapshot by Scott Kosmachuk.
8:42 of 1st period - Deflect By Kevin Lynch.
8:42 of 1st period - Stopped by Joe Cannata with a rebound.
8:44 of 1st period - Wrist shot by Gus Young.
8:44 of 1st period - Stopped by Joe Cannata with a rebound.
8:46 of 1st period - Wrist shot by Kevin Lynch.
8:46 of 1st period - Shot Misses the Net.
9:10 of 1st period - Michael Mersch is hit by Joakim Nordstrom and loses puck.
9:37 of 1st period - Slapshot by Andre Benoit.
9:37 of 1st period - Deflect By Evan Rankin.
9:37 of 1st period - Deflect By Tyler Graovac.
9:37 of 1st period - Shot Blocked by David Schlemko.
9:37 of 1st period - Puck is out of play.
9:38 of 1st period - Colton Sissons wins face-off versus Tyler Graovac in Condors zone.
10:38 of 1st period - Snap shot by Tyler Graovac.
10:38 of 1st period - Shot Misses the Net.
11:14 of 1st period - Evan Rankin is hit by Ryan Parent and loses puck.
11:52 of 1st period - Kris Newbury is hit by Josh Anderson.
12:07 of 1st period - Ryan Parent is hit by Chris Brown and loses puck.
12:29 of 1st period - Gus Young is hit by Kris Newbury and loses puck.
13:10 of 1st period - Minor Penalty to Joe Whitney for Holding.
13:11 of 1st period - Tyler Graovac wins face-off versus Colton Sissons in Wolves zone.
13:26 of 1st period - Snap shot by Colton Sissons.
13:26 of 1st period - Shot Misses the Net.
13:38 of 1st period - Eric Baier is hit by Anthony Bitetto and loses puck.
13:52 of 1st period - Slapshot by Matt Bailey.
13:52 of 1st period - Shot Misses the Net.
14:02 of 1st period - Slapshot by Pat Cannone.
14:02 of 1st period - Shot Misses the Net.
15:05 of 1st period - Andre Benoit is hit by Ryan Stanton and loses puck.
15:10 of 1st period - Penalty to Joe Whitney is over, Joe Whitney is back on ice.
15:50 of 1st period - Ken Agostino is hit by Joe Whitney and loses puck.
17:11 of 1st period - Snap shot by Reid Boucher.
17:11 of 1st period - Shot Misses the Net.
17:37 of 1st period - Snap shot by Brian O'Neill.
17:37 of 1st period - Shot Misses the Net.
17:39 of 1st period - Snap shot by Colton Sissons.
17:39 of 1st period - Stopped by Joe Cannata with a rebound.
17:41 of 1st period - Wrist shot by Colton Sissons.
17:41 of 1st period - Stopped by Joe Cannata with a rebound.
18:36 of 1st period - Bill Arnold is hit by Kevin Lynch and loses puck.
19:18 of 1st period - Wrist shot by David Schlemko.
19:18 of 1st period - Stopped by Evgeni Nabokov with a rebound.
Goals for this period are 1 for Condors vs 0 for Wolves.
Shots for this period are 9 for Condors vs 9 for Wolves.

2nd period


0:01 of 2nd period - Chris Brown wins face-off versus Tyler Graovac in neutral zone.
0:12 of 2nd period - Snap shot by Colton Sissons.
0:12 of 2nd period - Shot Blocked by Ryan Stanton.
0:14 of 2nd period - Slapshot by Evan Rankin.
0:14 of 2nd period - Stopped by Joe Cannata with a rebound.
0:28 of 2nd period - Slapshot by Evan Rankin.
0:28 of 2nd period - Stopped by Joe Cannata with a rebound.
0:30 of 2nd period - Wrist shot by Colton Sissons.
0:30 of 2nd period - Stopped by Joe Cannata without a rebound.
0:31 of 2nd period - Joe Whitney wins face-off versus Pat Cannone in Condors zone.
0:52 of 2nd period - Snap shot by Brian O'Neill.
0:52 of 2nd period - Stopped by Joe Cannata with a rebound.
0:54 of 2nd period - Minor Penalty to Anthony Bitetto for Checking from behind.
0:55 of 2nd period - Reid Boucher wins face-off versus Joe Whitney in Condors zone.
0:55 of 2nd period - Reid Boucher is hit by Brian O'Neill.
1:42 of 2nd period - Snap shot by Colton Sissons.
1:42 of 2nd period - Stopped by Joe Cannata with a rebound.
2:11 of 2nd period - Snap shot by Reid Boucher.
2:11 of 2nd period - Shot Misses the Net.
2:38 of 2nd period - FARM PLAYER44 is hit by Joakim Nordstrom and loses puck.
2:54 of 2nd period - Penalty to Anthony Bitetto is over, Anthony Bitetto is back on ice.
3:05 of 2nd period - Ryan Sproul is hit by Pat Cannone and loses puck.
3:14 of 2nd period - Andre Benoit is hit by Pat Cannone and loses puck.
3:53 of 2nd period - Gus Young is hit by FARM PLAYER44 and loses puck.
4:10 of 2nd period - Slapshot by Rob Bordson.
4:10 of 2nd period - Shot Blocked by Joe Whitney.
4:39 of 2nd period - Eric Baier is hit by Michael Mersch and loses puck.
5:35 of 2nd period - Wrist shot by Pat Cannone.
5:35 of 2nd period - Shot Misses the Net.
5:37 of 2nd period - Slapshot by Tommy Cross.
5:37 of 2nd period - Stopped by Evgeni Nabokov with a rebound.
5:39 of 2nd period - Slapshot by Jeremie Blain.
5:39 of 2nd period - Deflect By Michael Mersch.
5:39 of 2nd period - Stopped by Evgeni Nabokov with a rebound.
5:41 of 2nd period - Wrist shot by Michael Mersch.
5:41 of 2nd period - Shot Misses the Net.
5:43 of 2nd period - Snap shot by Michael Mersch.
5:43 of 2nd period - Shot Blocked by Joe Piskula.
6:19 of 2nd period - Snap shot by Ken Agostino.
6:19 of 2nd period - Shot Blocked by Joe Piskula.
7:13 of 2nd period - Bill Arnold is hit by Gus Young and loses puck.
7:46 of 2nd period - Joakim Nordstrom is hit by Taylor Fedun and loses puck.
8:23 of 2nd period - Slapshot by Tyler Graovac.
8:23 of 2nd period - Deflect By Kris Newbury.
8:23 of 2nd period - Stopped by Evgeni Nabokov with a rebound.
9:14 of 2nd period - Tommy Cross is hit by Gus Young and loses puck.
9:59 of 2nd period - Slapshot by Josh Anderson.
9:59 of 2nd period - Shot Misses the Net.
10:01 of 2nd period - Snap shot by Gus Young.
10:01 of 2nd period - Stopped by Joe Cannata with a rebound.
10:03 of 2nd period - Backhand shot by Gus Young.
10:03 of 2nd period - Deflect By Rob Bordson.
10:03 of 2nd period - Stopped by Joe Cannata with a rebound.
10:05 of 2nd period - Slapshot by Gus Young.
10:05 of 2nd period - Stopped by Joe Cannata with a rebound.
10:25 of 2nd period - Snap shot by Brian O'Neill.
10:25 of 2nd period - Stopped by Joe Cannata with a rebound.
10:27 of 2nd period - Snap shot by Zach Miskovic.
10:27 of 2nd period - Shot Blocked by Rob Bordson.
10:47 of 2nd period - Slapshot by Joe Whitney.
10:47 of 2nd period - Stopped by Joe Cannata with a rebound.
11:15 of 2nd period - Jeremie Blain is hit by Scott Kosmachuk and loses puck.
11:28 of 2nd period - Andre Benoit is hit by Tommy Cross.
12:33 of 2nd period - Taylor Fedun is hit by Eric Baier and loses puck.
13:01 of 2nd period - Minor Penalty to David Schlemko for Roughing.
13:02 of 2nd period - Chris Brown wins face-off versus Reid Boucher in Condors zone.
13:06 of 2nd period - Slapshot by Chris Brown.
13:06 of 2nd period - Shot Misses the Net.
14:29 of 2nd period - Joe Whitney is hit by Ryan Stanton and loses puck.
14:38 of 2nd period - Slapshot by Taylor Fedun.
14:38 of 2nd period - Shot Misses the Net.
14:40 of 2nd period - Wrist shot by Bill Arnold.
14:40 of 2nd period - Shot Misses the Net.
14:42 of 2nd period - Slapshot by Taylor Fedun.
14:42 of 2nd period - Stopped by Evgeni Nabokov with a rebound.
15:01 of 2nd period - Penalty to David Schlemko is over, David Schlemko is back on ice.
15:08 of 2nd period - Rob Bordson is hit by Chris Brown and loses puck.
15:23 of 2nd period - Kevin Gagne is hit by Anthony Bitetto.
15:31 of 2nd period - Anthony Bitetto is hit by Kevin Gagne and loses puck.
16:16 of 2nd period - Snap shot by Michael Mersch.
16:16 of 2nd period - Stopped by Evgeni Nabokov with a rebound.
18:14 of 2nd period - Backhand shot by Kevin Lynch.
18:14 of 2nd period - Shot Misses the Net.
18:16 of 2nd period - Slapshot by Eric Baier.
18:16 of 2nd period - Shot Misses the Net.
18:18 of 2nd period - Slapshot by Zach Miskovic.
18:18 of 2nd period - Stopped by Joe Cannata with a rebound.
18:38 of 2nd period - Snap shot by Pat Cannone.
18:38 of 2nd period - Shot Blocked by Andre Benoit.
18:40 of 2nd period - Snap shot by Pat Cannone.
18:40 of 2nd period - Shot Misses the Net.
18:42 of 2nd period - Slapshot by Pat Cannone.
18:42 of 2nd period - Shot Hit the Post.
18:44 of 2nd period - Snap shot by Matt Bailey.
18:44 of 2nd period - Stopped by Evgeni Nabokov without a rebound.
18:45 of 2nd period - Colton Sissons wins face-off versus Pat Cannone in Wolves zone.
19:03 of 2nd period - Brian O'Neill is hit by Michael Mersch and loses puck.
19:53 of 2nd period - Ryan Stanton is hit by Chris Brown and loses puck.
Goals for this period are 0 for Condors vs 0 for Wolves.
Shots for this period are 6 for Condors vs 11 for Wolves.

3rd period


0:01 of 3rd period - Colton Sissons wins face-off versus Tyler Graovac in neutral zone.
0:52 of 3rd period - Andre Benoit is hit by Reid Boucher and loses puck.
1:03 of 3rd period - Michael Mersch is hit by Sebastian Wannstrom.
1:04 of 3rd period - Michael Mersch from Condors is injured at 1:04 of 3rd period (Sprained Left Knee).
1:05 of 3rd period - Colton Sissons wins face-off versus Tyler Graovac in Condors zone.
1:06 of 3rd period - Snap shot by Andre Benoit.
1:06 of 3rd period - Stopped by Joe Cannata with a rebound.
1:22 of 3rd period - Slapshot by Tyler Graovac.
1:22 of 3rd period - Stopped by Evgeni Nabokov with a rebound.
1:24 of 3rd period - Slapshot by David Schlemko.
1:24 of 3rd period - Stopped by Evgeni Nabokov without a rebound.
1:25 of 3rd period - Tyler Graovac wins face-off versus Colton Sissons in Wolves zone.
2:57 of 3rd period - Ken Agostino is hit by Joakim Nordstrom and loses puck.
3:16 of 3rd period - Tyler Graovac is hit by Colton Sissons and loses puck.
3:43 of 3rd period - Kevin Gagne is hit by Pat Cannone and loses puck.
4:08 of 3rd period - Snap shot by Reid Boucher.
4:08 of 3rd period - Shot Misses the Net.
4:24 of 3rd period - Snap shot by Pat Cannone.
4:24 of 3rd period - Stopped by Evgeni Nabokov without a rebound.
4:25 of 3rd period - Bill Arnold wins face-off versus Colton Sissons in Wolves zone.
4:47 of 3rd period - Icing by Taylor Fedun.
4:48 of 3rd period - Kevin Lynch wins face-off versus Pat Cannone in Condors zone.
4:55 of 3rd period - Snap shot by Joe Whitney.
4:55 of 3rd period - Shot Blocked by Taylor Fedun.
5:28 of 3rd period - Icing by Chris Brown.
5:29 of 3rd period - Colton Sissons wins face-off versus Rob Bordson in Wolves zone.
5:58 of 3rd period - David Schlemko is hit by Ryan Sproul and loses puck.
6:05 of 3rd period - Slapshot by Ryan Stanton.
6:05 of 3rd period - Shot Blocked by Andre Benoit.
6:30 of 3rd period - Snap shot by Reid Boucher.
6:30 of 3rd period - Shot Misses the Net.
7:15 of 3rd period - Minor Penalty to Taylor Fedun for Tripping.
7:16 of 3rd period - Joe Whitney wins face-off versus Reid Boucher in Condors zone.
7:25 of 3rd period - Slapshot by Brian O'Neill.
7:25 of 3rd period - Shot Misses the Net.
7:57 of 3rd period - Snap shot by Joakim Nordstrom.
7:57 of 3rd period - Shot Blocked by Reid Boucher.
7:59 of 3rd period - Snap shot by Eric Baier.
7:59 of 3rd period - Shot Misses the Net.
8:25 of 3rd period - Slapshot by Andre Benoit.
8:25 of 3rd period - Deflect By Pat Cannone.
8:25 of 3rd period - Goal by Andre Benoit - Condors : 1 - Wolves : 1.
8:26 of 3rd period - Pat Cannone wins face-off versus Kevin Lynch in neutral zone.
9:12 of 3rd period - Snap shot by Ken Agostino.
9:12 of 3rd period - Stopped by Evgeni Nabokov without a rebound.
9:13 of 3rd period - Colton Sissons wins face-off versus Rob Bordson in Wolves zone.
9:13 of 3rd period - Colton Sissons is hit by Ken Agostino.
9:16 of 3rd period - Minor Penalty to Andre Benoit for Interference.
9:17 of 3rd period - Tyler Graovac wins face-off versus Scott Kosmachuk in Wolves zone.
9:37 of 3rd period - Wrist shot by Reid Boucher.
9:37 of 3rd period - Shot Misses the Net.
9:39 of 3rd period - Wrist shot by Tyler Graovac.
9:39 of 3rd period - Shot Blocked by Ryan Sproul.
10:01 of 3rd period - Snap shot by Pat Cannone.
10:01 of 3rd period - Shot Blocked by Gus Young.
10:03 of 3rd period - Snap shot by David Schlemko.
10:03 of 3rd period - Stopped by Evgeni Nabokov without a rebound.
10:04 of 3rd period - Pat Cannone wins face-off versus Colton Sissons in Wolves zone.
10:07 of 3rd period - Snap shot by Pat Cannone.
10:07 of 3rd period - Shot Misses the Net.
10:09 of 3rd period - Snap shot by Pat Cannone.
10:09 of 3rd period - Stopped by Evgeni Nabokov without a rebound.
10:10 of 3rd period - Colton Sissons wins face-off versus Pat Cannone in Wolves zone.
11:10 of 3rd period - Colton Sissons is hit by Tyler Graovac and loses puck.
11:16 of 3rd period - Penalty to Andre Benoit is over, Andre Benoit is back on ice.
11:45 of 3rd period - Wrist shot by Josh Anderson.
11:45 of 3rd period - Stopped by Joe Cannata with a rebound.
11:59 of 3rd period - Slapshot by Andre Benoit.
11:59 of 3rd period - Stopped by Joe Cannata with a rebound.
12:05 of 3rd period - Andre Benoit is hit by Ryan Stanton and loses puck.
12:43 of 3rd period - Wrist shot by Colton Sissons.
12:43 of 3rd period - Shot Misses the Net.
14:10 of 3rd period - Slapshot by David Schlemko.
14:10 of 3rd period - Stopped by Evgeni Nabokov with a rebound.
14:12 of 3rd period - Wrist shot by Ryan Stanton.
14:12 of 3rd period - Deflect By Bill Arnold.
14:12 of 3rd period - Stopped by Evgeni Nabokov with a rebound.
14:14 of 3rd period - Slapshot by Ryan Stanton.
14:14 of 3rd period - Deflect By Pat Cannone.
14:14 of 3rd period - Stopped by Evgeni Nabokov with a rebound.
14:16 of 3rd period - Snap shot by David Schlemko.
14:16 of 3rd period - Stopped by Evgeni Nabokov with a rebound.
15:20 of 3rd period - Wrist shot by Brian O'Neill.
15:20 of 3rd period - Stopped by Joe Cannata without a rebound.
15:21 of 3rd period - Joe Whitney wins face-off versus Tyler Graovac in Condors zone.
16:04 of 3rd period - Icing by Eric Baier.
16:05 of 3rd period - Evan Rankin wins face-off versus Pat Cannone in Wolves zone.
16:20 of 3rd period - Tyler Graovac is hit by Eric Baier and loses puck.
17:11 of 3rd period - Andre Benoit is hit by Kevin Goumas and loses puck.
18:18 of 3rd period - David Schlemko is hit by Gus Young and loses puck.
18:37 of 3rd period - Minor Penalty to Bill Arnold for Hooking.
18:38 of 3rd period - Colton Sissons wins face-off versus FARM PLAYER44 in Condors zone.
18:41 of 3rd period - Wrist shot by Evan Rankin.
18:41 of 3rd period - Stopped by Joe Cannata with a rebound.
18:57 of 3rd period - Slapshot by Taylor Fedun.
18:57 of 3rd period - Stopped by Evgeni Nabokov with a rebound.
19:03 of 3rd period - Anthony Bitetto is hit by Chris Brown and loses puck.
19:20 of 3rd period - Kris Newbury is hit by Joakim Nordstrom and loses puck.
Goals for this period are 0 for Condors vs 1 for Wolves.
Shots for this period are 11 for Condors vs 6 for Wolves.

Overtime #1


0:01 of 1st overtime period - Joe Whitney wins face-off versus Reid Boucher in neutral zone.
0:08 of 1st overtime period - Wrist shot by Joakim Nordstrom.
0:08 of 1st overtime period - Shot Blocked by Ryan Stanton.
0:10 of 1st overtime period - Slapshot by Andre Benoit.
0:10 of 1st overtime period - Shot Misses the Net.
0:12 of 1st overtime period - Slapshot by Andre Benoit.
0:12 of 1st overtime period - Stopped by Joe Cannata without a rebound.
0:13 of 1st overtime period - Joe Whitney wins face-off versus Reid Boucher in Condors zone.
0:37 of 1st overtime period - Penalty to Bill Arnold is over, Bill Arnold is back on ice.
1:10 of 1st overtime period - Ryan Stanton is hit by Ryan Sproul and loses puck.
1:18 of 1st overtime period - Icing by Ryan Stanton.
1:19 of 1st overtime period - Joe Whitney wins face-off versus Reid Boucher in Condors zone.
1:45 of 1st overtime period - Joe Piskula is hit by Taylor Fedun.
1:55 of 1st overtime period - Wrist shot by Scott Kosmachuk.
1:55 of 1st overtime period - Stopped by Joe Cannata with a rebound.
2:09 of 1st overtime period - Taylor Fedun is hit by Eric Baier and loses puck.
2:37 of 1st overtime period - Joakim Nordstrom is hit by Tyler Graovac.
3:13 of 1st overtime period - Andre Benoit is hit by Anthony Bitetto and loses puck.
3:46 of 1st overtime period - Ryan Stanton is hit by Josh Anderson and loses puck.
4:26 of 1st overtime period - Slapshot by Eric Baier.
4:26 of 1st overtime period - Deflect By Joakim Nordstrom.
4:26 of 1st overtime period - Stopped by Joe Cannata with a rebound.
Goals for this period are 0 for Condors vs 0 for Wolves.
Shots for this period are 0 for Condors vs 3 for Wolves.

ShootOut


5:00 of 1st overtime period - Penalty Shot by Reid Boucher for Condors.
5:00 of 1st overtime period - Wrist shot by Reid Boucher.
5:00 of 1st overtime period - Goal by Reid Boucher.
5:00 of 1st overtime period - Penalty Shot by Colton Sissons for Wolves.
5:00 of 1st overtime period - Wrist shot by Colton Sissons.
5:00 of 1st overtime period - Goal by Colton Sissons.
5:00 of 1st overtime period - Penalty Shot by Tyler Graovac for Condors.
5:00 of 1st overtime period - Backhand shot by Tyler Graovac.
5:00 of 1st overtime period - Stopped by Evgeni Nabokov.
5:00 of 1st overtime period - Penalty Shot by Joakim Nordstrom for Wolves.
5:00 of 1st overtime period - Snap shot by Joakim Nordstrom.
5:00 of 1st overtime period - Shot Misses the Net.
5:00 of 1st overtime period - Penalty Shot by Kris Newbury for Condors.
5:00 of 1st overtime period - Backhand shot by Kris Newbury.
5:00 of 1st overtime period - Stopped by Evgeni Nabokov.
5:00 of 1st overtime period - Penalty Shot by Brian O'Neill for Wolves.
5:00 of 1st overtime period - Deke by Brian O'Neill.
5:00 of 1st overtime period - Goal by Brian O'Neill.